 Dungeon Crawl Stone Soup version 0.27.1-33-g824d729ab1 (webtiles) character file.

Game seed: 189584574142823662

114 Tirrikindir the Skirmisher (level 4, -1/31 HPs)
             Began as an Octopode Fighter on Dec 23, 2021.
             Was a Follower of Cheibriados.
             Slain by an orc wizard (4 damage)
             ... on level 3 of the Dungeon.
             The game lasted 00:06:12 (2593 turns).

Tirrikindir the Skirmisher (Octopode Fighter)       Turns: 2593, Time: 00:06:12

Health: -1/31      AC:  1    Str: 18    XL:     4   Next: 98%
Magic:  2/4        EV: 12    Int: 13    God:    Cheibriados [*.....]
Gold:   117        SH:  9    Dex: 15    Spells: 3/3 levels left

rFire    . . .     SeeInvis .   a - +0 long sword
rCold    . . .     Faith    .   b - +0 kite shield
rNeg     . . .     Spirit   .   (helmet restricted)
rPois    .         Reflect  .   (no amulet)
rElec    .         Harm     .   (no ring)
rCorr    .         Rampage  .   (no ring)
Will     .....                  (no ring)
Stlth    +++.......             (no ring)
HPRegen  0.10/turn              (no ring)
MPRegen  0.09/turn              (no ring)
                                (no ring)
                                (no ring)

@: very slow
A: almost no armour, amphibious, 8 rings, camouflage 1, gelatinous body 1,
(nimble swimmer 1), tentacles
a: Renounce Religion, Bend Time


You were on level 3 of the Dungeon.
You worshipped Cheibriados.
Cheibriados was aware of your devotion.
You visited 1 branch of the dungeon, and saw 3 of its levels.

You collected 117 gold pieces.

Inventory:

Hand Weapons
 a - a +0 long sword (weapon)
Armour
 b - a +0 kite shield (worn)
Scrolls
 d - a scroll of teleportation
 e - a scroll of identify
Potions
 c - a potion of might
 f - a potion of cancellation


   Skills:
 + Level 3.5 Fighting
 * Level 3.2 Long Blades
 + Level 3.4 Dodging
 + Level 2.1 Stealth
 + Level 3.4 Shields
 + Level 0.8 Invocations


You had 3 spell levels left.
You didn't know any spells.
Your spell library was empty.

Dungeon Overview and Level Annotations

Branches:
Dungeon (3/15)

Altars:
Cheibriados


Innate Abilities, Weirdness & Mutations

You cannot wear most types of armour.
You are amphibious.
You can wear up to eight rings at the same time.
Your skin changes colour to match your surroundings (Stealth+).
Your rubbery body absorbs attacks. (AC +1, EV +1)
((You are camouflaged near water. (Stealth+)))
You have tentacles for arms and can constrict up to eight enemies at once.


Message History

The orc is severely wounded.
You constrict the orc.
You kill the orc!
Cheibriados appreciates the change of pace.
A goblin comes into view. It is wielding a +0 dagger.
The orc barely misses you.
The goblin shouts!
You hit the orc. Your grab misses the orc.
The orc is heavily wounded.
You barely miss something.
Your shield prevents you from hitting something.
Something hits you.
You hear some strange, mumbled words.
A magic dart appears from out of thin air!
The magic dart hits you.
You miss something. Your squeeze misses something. Something hits you.
You closely miss something. Something hits you. You block something's attack.
You barely miss something. Something hits you.
The flow of time bends around you.
Cheibriados rebukes something.
You hear some strange, mumbled words.
Something tries to affect you, but you resist.
You miss something.
You hear some strange, mumbled words.
You are confused.
You bump into the rock wall.
Something hits you.
You're too confused to move!
You miss something. Something hits you. x2
You bump into the rock wall.
You bump into the rock wall.
Something hits you.
You bump into the rock wall.
You feel less confused. You block something's attack.
You hit something. Something hits you.
* * * LOW HITPOINT WARNING * * *
You don't have enough magic at the moment.
You barely miss something. Something hits you.
* * * LOW HITPOINT WARNING * * *
Something hits you.
You die...

##.#..........
#.##.)...###.
#.#.......#..
####...<.......#
#............###
###.###.#)....##
#..)# #.##...##
#.### #..###.# #@#
##.# #.# #{# #.#
#.# #o# #.###.#
#g# #..##.#####
.o. #.........(
..........###.####
....#####.# #.#
..... #.# #.# #.#
#†#


You could see 2 orcs and a goblin.

Vanquished Creatures
  Ijyb (D:3)
  An orc wizard (D:3)
  An adder (D:3)
  5 orcs (D:3)
  2 endoplasms
  A giant cockroach (D:2)
  8 goblins
  9 hobgoblins
  3 jackals (D:2)
  3 kobolds
  A quokka (D:1)
  A ball python (D:2)
  2 bats (D:2)
  2 frilled lizards (D:1)
  6 rats
46 creatures vanquished.

Vanquished Creatures (others)
  13 plants (D:2)
13 creatures vanquished.

Grand Total: 59 creatures vanquished

Notes
Turn   | Place    | Note
-------+----------+-------------------------------------------
     0 | D:1      | Tirrikindir the Octopode Fighter began the quest for the
                  | Orb.
     0 | D:1      | Reached XP level 1. HP: 16/16 MP: 1/1
   340 | D:1      | Reached XP level 2. HP: 21/21 MP: 2/2
   560 | D:1      | Reached skill level 1 in Stealth
  1194 | D:2      | Reached XP level 3. HP: 26/26 MP: 3/3
  1814 | D:2      | Found a faded altar of an unknown god.
  1986 | D:2      | Became a worshipper of Cheibriados the Contemplative
  1986 | D:2      | Reached * piety under Cheibriados
  2057 | D:3      | Noticed Ijyb
  2065 | D:3      | Killed Ijyb
  2066 | D:3      | Reached XP level 4. HP: 22/31 MP: 4/4
  2593 | D:3      | Slain by an orc wizard

Illustrated notes

Levels and vault maps discovered:
D:1:      lightli_molten_gateway, layout_loops_corners
D:2:      layout_basic, dilly_ecumenical_altar_fadedgnrine
D:3:      layout_rooms, uniq_ijyb

Skill      XL: |  1  2  3  4 |
---------------+-------------+-----
Stealth        | 1 2 |  2.1
Long Blades    | 3 |  3.2
Fighting       | |  3.5
Dodging        | |  3.4
Shields        | |  3.4
Invocations    | |  0.8

Action                   |  1- 3 |  4- 6 || total
-------------------------+-------+-------++-------
Melee: Long sword        |    58 |    30 ||    88
       Constrict         |    17 |     8 ||    25
       Tentacles         |    11 |     7 ||    18
Invok: Bend Time         |       |     2 ||     2
  Use: Scroll            |     3 |       ||     3
       Potion            |     3 |       ||     3
 Stab: Sleeping          |    12 |       ||    12
Armor: Skin              |     3 |       ||     3
Dodge: Dodged            |    14 |     7 ||    21
Block: Kite shield       |    21 |     9 ||    30
       Rpst.: Long sword |     4 |       ||     4
